 Dungeon Crawl Stone Soup version 0.28.0-47-ge53b351184 (webtiles) character file.

Game seed: 17111619196594175865

165 CryoSword the Skirmisher (level 5, -3/64 HPs)
             Began as a Demonspawn Monk on May 6, 2022.
             Slain by a gnoll
             ... wielding a +0 halberd
              (4 damage)
             ... on level 3 of the Dungeon.
             The game lasted 00:05:06 (3342 turns).

CryoSword the Skirmisher (Demonspawn Monk)          Turns: 3342, Time: 00:05:07

Health: -3/64      AC: 22    Str: 13    XL:     5   Next: 21%
Magic:  5/5        EV:  2    Int: 11    God:
Gold:   12         SH:  0    Dex: 16    Spells: 4/4 levels left

rFire   . . .      SeeInvis .   a - +0 falchion
rCold   . . .      Faith    .   (no shield)
rNeg    . . .      Spirit   .   (armour currently unavailable)
rPois   +          Reflect  .   (helmet currently unavailable)
rElec   .          Harm     .   (cloak currently unavailable)
rCorr   .          Rampage  .   (gloves currently unavailable)
Will    .....      NoTele   +   (boots currently unavailable)
Stlth   ++........              (no amulet)
HPRegen 0.20/turn               (no ring)
MPRegen 0.09/turn               (no ring)

@: mighty, brilliant, tree-form
A: stationary, stasis, torment immunity, boosted hp, (sturdy frame 2)
a: no special abilities


You were on level 3 of the Dungeon.
You were a tree.
You visited 1 branch of the dungeon, and saw 3 of its levels.

You collected 47 gold pieces.
You spent 35 gold pieces at shops.

Inventory:

Hand Weapons
 a - a +0 falchion (weapon)
Armour
 g - a +0 plate armour (melded)
   (You found it on level 1 of the Dungeon)
Scrolls
 b - a scroll of torment {unknown}
 e - a scroll of fog
 f - a scroll of blinking {unknown}
 h - a scroll of teleportation {unknown}


   Skills:
 - Level 4.7 Fighting
 + Level 3.6 Long Blades
 - Level 2.6 Dodging
 - Level 3.0 Stealth


You had 4 spell levels left.
You didn't know any spells.
Your spell library was empty.

Dungeon Overview and Level Annotations

Branches:
Dungeon (3/15)

Altars:

Shops:
D:3 ?


Innate Abilities, Weirdness & Mutations

You are a tree.
Your roots penetrate the ground, keeping you stationary.
You cannot be teleported.
You are immune to unholy pain and torment.
Your maximum health is greatly increased.
Your equipment is partially melded.
((Your movements are less encumbered by armour. (ER -4)))


Message History

Your Stealth skill increases to level 3!
You barely miss the adder. The adder bites you but does no damage.
The adder barely misses you.
You hit the adder. The adder bites you but does no damage.
You hit the adder. The adder bites you. The adder barely misses you.
You barely miss the adder. The adder barely misses you.
You closely miss the adder.
The adder bites you but does no damage. x2
You miss the adder. The adder bites you but does no damage.
You barely miss the adder. The adder bites you but does no damage.
The adder bites you.
You hit the adder but do no damage. The adder bites you.
* * * LOW HITPOINT WARNING * * *
The rat twitches its whiskers.
You hit the adder. The adder bites you but does no damage.
The adder barely misses you.
You slash the adder!
You kill the adder!
You hit the worm but do no damage. The worm barely misses you.
You hit the worm but do no damage. The worm bites you but does no damage.
You hit the worm but do no damage. You hit the worm but do no damage.
The worm bites you but does no damage.
You hit the worm. The worm barely misses you.
You barely miss the worm. The worm bites you.
* * * LOW HITPOINT WARNING * * *
You barely miss the worm. You hit the worm.
The worm bites you but does no damage.
You hit the worm. The worm bites you.
* * * LOW HITPOINT WARNING * * *
You see here 24 stones.
There is a stone staircase leading up here.
You climb upwards.
There is a stone staircase leading down here.
You start resting.
Okay, then.
You climb downwards.
The worm barely misses you.
There is a stone staircase leading up here.
You completely miss the worm. You hit the worm. The worm bites you.
You hit the worm. The worm completely misses you.
You hit the worm. You hit the worm but do no damage. The worm bites you.
You barely miss the worm. The worm bites you.
You hit the worm. The worm bites you.
You hit the worm. You hit the worm.
You kill the worm!
You slash the rat!
You kill the rat!
No target in view!
No target in view!
No target in view!
No target in view!
No target in view!
No target in view!
No target in view!
No target in view!
No target in view!
You see here 24 stones.
You see here an adder skeleton.
Found 19 arrows.
You see here 19 arrows.
A worm comes into view.
A worm is nearby!
A worm is nearby!
A worm is nearby!
The worm bites you.
You slash the worm! You barely miss the worm.
The worm bites you but does no damage.
You hit the worm. The worm bites you but does no damage.
You barely miss the worm. You barely miss the worm.
The worm closely misses you.
You hit the worm. The worm bites you but does no damage.
You hit the worm but do no damage. You slash the worm!
The worm bites you but does no damage.
You hit the worm. The worm bites you.
You barely miss the worm. The worm bites you.
You hit the worm. You hit the worm.
You kill the worm!
No target in view!
Found Uqaoty's Magic Scroll Emporium.
There is an entrance to Uqaoty's Magic Scroll Emporium here.
j - a scroll of fear Thank you for shopping at Uqaoty's Magic Scroll Emporium!
A gnoll comes into view. It is wielding a +0 halberd.
There are monsters nearby!
The gnoll shouts!
A gnoll comes into view. It is wielding a +0 whip.
There is an entrance to Uqaoty's Magic Scroll Emporium here.
The scorpion stings you but does no damage.
You hit the scorpion.
The scorpion stings you but does no damage.
You hit the scorpion but do no damage. The scorpion stings you.
You are poisoned.
The scorpion poisons you!
You hit the scorpion but do no damage.
You feel very sick.
The scorpion stings you but does no damage.
The scorpion stings you.
You hit the scorpion but do no damage.
You feel sick. The gnoll closely misses you.
The scorpion stings you but does no damage.
You feel sick. The scorpion closely misses you.
The gnoll hits you from afar with a +0 halberd!
* * * LOW HITPOINT WARNING * * *
You feel sick.
Okay, then.
You feel sick.
You feel sick.
You feel sick.
It was a potion of lignification.
You turn into a tree.
Your +0 plate armour melds into your body.
Your roots penetrate the ground.
You feel sick.
You are no longer poisoned.
The scorpion stings you but does no damage.
The gnoll hits you from afar with a +0 halberd.
* * * LOW HITPOINT WARNING * * *
The scorpion barely misses you.
As you read the scroll of fear, it crumbles to dust.
You assume a fearsome visage.
The gnoll looks frightened!
The scorpion looks frightened!
You strike the helpless scorpion from behind!
You hit the scorpion.
Your attack snaps the scorpion out of its fear.
Okay, then.
You feel very mighty all of a sudden.
You hit the scorpion.
The scorpion stings you but does no damage. x2
You slash the scorpion!
The scorpion stings you but does no damage.
The gnoll hits you from afar with a +0 halberd.
* * * LOW HITPOINT WARNING * * *
You hit the scorpion.
You kill the scorpion!
The gnoll hits you but does no damage.
Your Long Blades skill increases to level 3!
You have reached level 5!
It was a potion of brilliance.
You feel clever all of a sudden.
The gnoll seems to regain its courage.
The gnoll hits you but does no damage. The gnoll hits you but does no damage.
The gnoll hits you but does no damage. The gnoll hits you but does no damage.
The gnoll hits you but does no damage.
The gnoll hits you from afar with a +0 halberd.
* * * LOW HITPOINT WARNING * * *
The gnoll hits you from afar with a +0 halberd!
* * * LOW HITPOINT WARNING * * *
The gnoll hits you from afar with a +0 halberd.
You die...

...........# #....#
..#####....# ###.##
. ....# #.# ##.##
#.# .# #.#
################g#
.(.............#g#
##############.#†##
# #.#♣.# # #.#.##
#### #...# ...#
##### ##.# ##.#
.÷.# ####


You could see 2 gnolls.

Vanquished Creatures
  A scorpion (D:3)
  A hound (D:2)
  An adder (D:3)
  5 worms
  3 ball pythons
  5 bats
  3 endoplasms
  3 goblins
  9 hobgoblins
  3 jackals (D:1)
  10 kobolds
  3 frilled lizards
  8 rats
55 creatures vanquished.

Vanquished Creatures (others)
  3 plants (D:2)
3 creatures vanquished.

Grand Total: 58 creatures vanquished

Notes
Turn   | Place    | Note
-------+----------+-------------------------------------------
     0 | D:1      | CryoSword the Demonspawn Monk began the quest for the Orb.
     0 | D:1      | Reached XP level 1. HP: 18/18 MP: 1/1
   218 | D:1      | Gained mutation: Your movements are slightly less
                  | encumbered by armour. (ER -2) [demonic ancestry]
   218 | D:1      | Reached XP level 2. HP: 4/24 MP: 2/2
   661 | D:1      | Found a faded altar of an unknown god.
  1777 | D:2      | Reached skill level 4 in Fighting
  1777 | D:2      | Reached XP level 3. HP: 17/30 MP: 3/3
  2191 | D:2      | Gained mutation: Your movements are less encumbered by
                  | armour. (ER -4) [demonic ancestry]
  2191 | D:2      | Reached XP level 4. HP: 38/38 MP: 4/4
  2674 | D:3      | Noticed a scorpion
  3274 | D:3      | Found Uqaoty's Magic Scroll Emporium.
  3278 | D:3      | Bought a scroll of fear for 35 gold pieces
  3334 | D:3      | Killed a scorpion
  3335 | D:3      | Reached XP level 5. HP: 11/43 MP: 5/5
  3341 | D:3      | HP: 1/64 [gnoll/+0 halberd (7)]
  3342 | D:3      | Slain by a gnoll

Illustrated notes

Levels and vault maps discovered:
D:1:      lemuel_arrival_river_bridge, layout_rooms,
          shapermc_ecumenical_altar_acropolis, minmay_door_square,
          minmay_tromino_i4
D:2:      layout_loops_ring, chequers_serial_rivers_micro_e,
          lexackson_kobold_supper
D:3:      layout_basic, serial_shops, nicolae_shop_crystal, uniq_robin

Skill      XL: |  1  2  3  4 |
---------------+-------------+-----
Stealth        | 2 3 |  3.0
Fighting       | 4 |  4.7
Long Blades    | 3 |  3.6
Dodging        | |  2.6

Action                   |  1- 3 |  4- 6 || total
-------------------------+-------+-------++-------
Melee: Falchion          |   155 |   126 ||   281
       Punch             |     3 |     4 ||     7
  Use: Scroll            |     2 |     1 ||     3
       Potion            |       |     3 ||     3
 Stab: Sleeping          |     1 |       ||     1
       Fleeing           |       |     1 ||     1
Armor: Robe              |    35 |       ||    35
       Plate armour      |    49 |    56 ||   105
       Skin              |       |    10 ||    10
Dodge: Dodged            |   113 |    30 ||   143
